 Dungeon Crawl Stone Soup version 0.28-a0-43-g560ac104fe (webtiles) character file.

Game seed: 15369714853690969853

454 MacCMillion the Frost Mage (level 7, 0/36 HPs)
             Began as a Gargoyle Ice Elementalist on July 28, 2021.
             Was an Initiate of Kikubaaqudgha.
             Slain by a gnoll (12 damage)
             ... on level 4 of the Dungeon.
             The game lasted 00:21:25 (5442 turns).

MacCMillion the Frost Mage (GrIE)                   Turns: 5442, Time: 00:21:26

Health: 0/36       AC:  6    Str: 13    XL:     7   Next: 5%
Magic:  10/10      EV: 12    Int: 16    God:    Kikubaaqudgha [......]
Gold:   170        SH:  0    Dex: 10    Spells: 6/10 levels left

rFire   x . .      SeeInvis .   n - staff of cold
rCold   + + .      Faith    .   (no shield)
rNeg    + . .      Spirit   .   a - +0 robe
rPois   ∞          Reflect  .   (no helmet)
rElec   +          Harm     .   (no cloak)
rCorr   .          Rampage  .   (no gloves)
Will    +....                   (no boots)
Stlth   ++........              (no amulet)
HPRegen 0.12/turn               i - ring of ice
MPRegen 0.12/turn               k - ring of willpower

@: no status effects
A: sickness immunity, AC +4, negative energy resistance 1, electricity
resistance, torment resistance 1, petrification resistance
a: Renounce Religion


You were on level 4 of the Dungeon.
You worshipped Kikubaaqudgha.
Kikubaaqudgha was noncommittal.
You visited 1 branch of the dungeon, and saw 5 of its levels.

You collected 170 gold pieces.

Inventory:

Hand Weapons
 b - a +0 mace
 c - a +0 dagger
 j - a +3 whip of freezing
Missiles
 g - 4 javelins
Armour
 a - a +0 robe (worn)
 o - a +0 leather armour
Magical Staves
 n - a staff of cold (weapon)
Jewellery
 i - a ring of ice (left hand)
 k - a ring of willpower (right hand)
 q - a ring of protection from cold
Wands
 r - a wand of flame (17)
Scrolls
 f - a scroll of enchant weapon
 m - 2 scrolls of holy word {unknown}
 t - 3 scrolls of immolation {unknown}
Potions
 d - a potion of lignification
 e - a potion of magic
 h - a potion of curing {unknown}
 l - a potion of attraction {unknown}
 p - 2 potions of degeneration {unknown}
 s - a potion of brilliance {unknown}


   Skills:
 - Level 1.1 Short Blades
 - Level 1.6 Dodging
 - Level 2.1 Stealth
 - Level 2.0 Spellcasting
 + Level 8.0 Ice Magic


You had 6 spell levels left.
You knew the following spells:

 Your Spells              Type           Power      Damage    Failure   Level
a - Freeze                Ice            100%       1d11      1%          1
b - Frozen Ramparts       Ice            100%       1d12      2%          3

Your spell library contained the following spells:

 Spells                   Type           Power      Damage    Failure   Level
 Ozocubu's Armour         Ice            57%        N/A       2%          3
 Slow                     Hex            1%         N/A       30%         2
 Hailstorm                Conj/Ice       32%        3d8       36%         4
 Confusing Touch          Hex            1%         N/A       52%         3
 Vampiric Draining        Necr           0%         2d6       52%         3
 Yara's Violent Unravell  Hex/Tmut       0%         3d3       99%         5


Dungeon Overview and Level Annotations

Branches:
Dungeon (5/15)
 Temple: D:4-7

Altars:
Ashenzari
Dithmenos
Elyvilon
Hepliaklqana
Kikubaaqudgha
Okawaru
Wu Jian
The Shining One

Annotations:
D:3 Jessica


Innate Abilities, Weirdness & Mutations

You are immune to sickness and miasma.
Your stone body is resilient. (AC +4)
You are immune to poison.
You resist negative energy. (rN+)
You are resistant to electric shocks. (rElec)
You are resistant to unholy torment.
You are immune to petrification.


Message History

q - a ring of protection from cold;
t - 3 scrolls labelled REBRUSMECOU You now have 170 gold pieces (gained 14).
Things that are here:
a +0 short sword; 4 stones; a +0 ring mail
Found a robe.
A hobgoblin comes into view.
A hobgoblin is nearby!
Found a book of Frost and a hand axe. 3 gnolls, a gnoll shaman and an orc come into view.
The gnoll shaman shouts!
The gnoll shouts! x2; The orc shouts!
The hobgoblin barely misses you.
A jelly comes into view.
The gnoll shaman calls upon its god to speed up something.
You see here a +0 robe.
The gnoll hits you from afar with a +0 spear.
The hobgoblin barely misses you. The gnoll closely misses you.
The gnoll hits you from afar with a +0 halberd!
There is an ornate altar of the Wu Jian Council here.
The gnoll hits you from afar with a +0 halberd!
There is an iron altar of Okawaru here.
The gnoll barely misses you.
There is an open door here.
The gnoll closely misses you. The gnoll closely misses you.
The gnoll barely misses you.
The gnoll shaman calls upon its god to speed up the gnoll.
The gnoll seems to speed up.
The gnoll hits you but does no damage. The gnoll closely misses you.
The gnoll completely misses you. The gnoll barely misses you.
The gnoll shouts!
The gnoll closely misses you.
The jelly jiggles.
The gnoll hits you from afar with a +0 spear.
There is a stone staircase leading down here.
The gnoll barely misses you. The hobgoblin barely misses you.
The gnoll hits you from afar with a +0 halberd!
You die...
Kikubaaqudgha rasps: "You have failed me!
Welcome... oblivion!"

#..........#.....##########
#
#...........#o......#.....#
#
#.........#..g............+
#
###########.#J............#
# #.#.......#.....#### #
######'#gg.....#.....))..
#.......g#...###.....#### .
#.......g#...####..### .
#.......@+)(..#....# .
#........#....#.#.##
#[.......#....#.#.#
######.###....#.#.#
#.###....#.#.#
#.#......#.#.#
#.######.....# .......#.###
...........


You could see a gnoll shaman, a jelly, 3 gnolls, an orc and a hobgoblin.

Vanquished Creatures
  A wyvern (D:4)
  A scorpion (D:4)
  A hound (D:5)
  Robin (D:3)
  4 gnolls
  An adder (D:2)
  2 adder skeletons (D:2)
  3 worms (D:2)
  2 dart slugs
  5 orcs
  A bat skeleton (D:2)
  A bat zombie (D:2)
  9 endoplasms
  3 giant cockroaches
  13 goblins
  7 hobgoblins
  9 jackals
  2 ball pythons
  3 ball python zombies (D:2)
  7 bats
  4 frilled lizards
  10 kobolds
  A quokka zombie (D:2)
  7 rats
98 creatures vanquished.

Vanquished Creatures (collateral kills)
  A water moccasin skeleton (D:4)
1 creature vanquished.

Vanquished Creatures (others)
  4 withered plants (D:2)
4 creatures vanquished.

Grand Total: 103 creatures vanquished

Notes
Turn   | Place    | Note
-------+----------+-------------------------------------------
     0 | D:1      | MacCMillion the Gargoyle Ice Elementalist began the quest
                  | for the Orb.
     0 | D:1      | Reached XP level 1. HP: 10/10 MP: 3/3
   349 | D:1      | Reached XP level 2. HP: 14/15 MP: 1/5
   997 | D:1      | Reached XP level 3. HP: 19/19 MP: 3/6
  1111 | D:1      | Found a faded altar of an unknown god.
  1136 | D:1      | Reached skill level 5 in Ice Magic
  1151 | D:1      | Learned a level 3 spell: Frozen Ramparts
  1659 | D:2      | Reached XP level 4. HP: 16/24 MP: 7/7
  2300 | D:2      | Reached skill level 1 in Short Blades
  2954 | D:3      | Noticed Robin
  2964 | D:3      | Killed Robin
  2965 | D:3      | Reached XP level 5. HP: 25/28 MP: 4/8
  2967 | D:3      | Reached skill level 6 in Ice Magic
  3240 | D:3      | Noticed Jessica
  3818 | D:4      | Noticed a phantom
  3848 | D:5      | Entered Level 5 of the Dungeon
  4444 | D:4      | Found an iron altar of Okawaru.
  4518 | D:4      | Reached XP level 6. HP: 4/32 MP: 9/9
  4987 | D:4      | Reached skill level 7 in Ice Magic
  5071 | D:4      | Noticed a wyvern
  5140 | D:4      | Killed a wyvern
  5141 | D:4      | Reached XP level 7. HP: 18/36 MP: 5/10
  5291 | D:4      | Found a glowing golden altar of the Shining One.
  5303 | D:4      | Reached skill level 8 in Ice Magic
  5350 | D:4      | Found a white marble altar of Elyvilon.
  5350 | D:4      | Found an ancient bone altar of Kikubaaqudgha.
  5351 | D:4      | Found a broken altar of Ashenzari.
  5352 | D:4      | Found a hazy altar of Hepliaklqana.
  5352 | D:4      | Found a shadowy altar of Dithmenos.
  5353 | D:4      | Found an ornate altar of the Wu Jian Council.
  5358 | D:4      | Became a worshipper of Kikubaaqudgha
  5442 | D:4      | Slain by a gnoll

Illustrated notes

Levels and vault maps discovered:
D:1:      heliophobic_arrival_battle_scene, layout_basic,
          ebering_ecumenical_altar_webs, minmay_misc_feat_tower,
          roderic_roman_lattice
D:2:      layout_basic, serial_undead, serial_undead_f, serial_undead_e,
          serial_undead_f, serial_undead_a
D:3:      layout_basic, uniq_grinder, uniq_jessica, uniq_crazy_yiuf_cottage,
          uniq_robin
D:4:      layout_basic, grunt_temple_overflow_open, portal_sewer_entry_f,
          lightli_minifort
D:5:      layout_cave_pools, temple_pool_b, nicolae_ossuary_entry_plus

Skill      XL: |  1  2  3  4  5  6  7 |
---------------+----------------------+-----
Ice Magic      | 5 6 7 8 |  8.0
Short Blades   | 1 |  1.1
Dodging        | |  1.6
Stealth        | |  2.1
Spellcasting   | |  2.0

Action                   |  1- 3 |  4- 6 |  7- 9 || total
-------------------------+-------+-------+-------++-------
Melee: Dagger            |    21 |    31 |       ||    52
       Staff             |       |    35 |       ||    35
 Cast: Freeze            |    50 |    57 |     3 ||   110
       Frozen Ramparts   |     1 |    11 |     1 ||    13
  Use: Scroll            |       |     5 |       ||     5
 Stab: Sleeping          |     2 |     1 |       ||     3
Armor: Robe              |    27 |    45 |     2 ||    74
Dodge: Dodged            |    41 |    75 |    13 ||   129

Table legend: (Time is in decaauts)
 A = Elapsed time spent in this place.
 B = Non-inter-level travel time spent in this place.
 C = Inter-level travel time spent in this place.
 D = Time resting spent in this place.
 E = Time spent auto-exploring this place.
 F = Levels seen in this place.
 G = Mean time per level.
                   A        B        C        D        E       F      G
               +--------+--------+--------+--------+--------+-----+--------+
         Total |   5448 |   5343 |    105 |    955 |   3070 |   5 | 1089.6 |
       Dungeon |   5448 |   5343 |    105 |    955 |   3070 |   5 | 1089.6 |
               +--------+--------+--------+--------+--------+-----+--------+

Top non-repeatable levels by time:
     D:2: 1567 daAuts
     D:1: 1486 daAuts
     D:4: 1281 daAuts
     D:3: 829 daAuts
     D:5: 283 daAuts
